Map: Taito Citadel LE

Players

chris

  • Race: Protoss Protoss
  • League: Master
  • Spawn Location: 5:00

SoloSoldier - Winner!

  • Race: Protoss Protoss
  • League: Master
  • Spawn Location: 11:00

VOD

Have the link to the VOD?

Description

Time

  • Played on: Jan. 1, 2026, 9:33 p.m.
  • Length: 17:38
Show
View Real Time Build Order
Export as new Build Order

chris Protoss 

Build Orders: 1 Gate Expand 

Get SALT Encoding   

  12  0:00  Probe  
  13  0:12  Probe  
  14  0:21  Pylon  
  14  0:24  Probe  
  15  0:39  Probe  
  15  0:41  Gateway  
  16  0:48  Probe  
  16  0:56  Probe  
  18  1:05  Probe  
  19  1:17  Probe  
  20  1:26  Nexus  
  20  1:29  Probe  
  21  1:33  Cybernetics Core  
  21  1:40  Assimilator  
  21  1:41  Probe  
  22  1:49  Probe  
  23  1:59  Assimilator  
  23  2:03  Pylon  
  23  2:15  Warp Gate  
  23  2:21  Probe  
  24  2:31  Stalker  
  24  2:32  Probe  
  24  2:34  Probe  
  27  2:40  Probe  
  27  2:43  Probe  
  29  2:48  Probe  
  30  2:56  Robotics Facility  
  31  3:07  Probe x2  
  31  3:08  Assimilator x2  
  33  3:14  Twilight Council  
  33  3:17  Forge  
  33  3:19  Probe  
  35  3:20  Probe  
  35  3:31  Probe  
  35  3:32  Probe  
  37  3:44  Probe x2  
  39  3:55  Observer  
  40  3:56  Probe x2  
  40  3:57  Charge  
  40  4:02  Protoss Ground Weapons Level 1  
  42  4:08  Probe x2  
  44  4:10  Pylon  
  44  4:13  Observer  
  45  4:20  Probe  
  45  4:22  Pylon  
  46  4:27  Pylon  
  46  4:30  Stalker  
  48  4:37  Immortal  
  52  4:54  Probe x2  
  54  5:05  Shield Battery  
  54  5:06  Probe x2, Photon Cannon  
  56  5:18  Probe, Shield Battery  
  56  5:21  Photon Cannon  
  57  5:30  Probe x2  
  57  5:33  Stalker  
  57  5:35  Assimilator, Immortal  
  65  5:39  Assimilator  
  65  5:40  Nexus  
  65  5:42  Pylon  
  65  5:43  Probe x2  
  65  5:46  Pylon  
  67  5:58  Stalker  
  69  6:20  Gateway  
  69  6:21  Gateway  
  69  6:23  Gateway  
  69  6:26  Gateway  
  69  6:28  Gateway  
  69  6:31  Gateway  
  69  6:32  Gateway  
  69  6:33  Probe x2  
  69  6:34  Gateway  
  69  6:37  Gateway  
  71  6:41  Immortal  
  71  6:43  Pylon  
  71  6:45  Probe  
  76  6:48  Pylon  
  76  6:50  Stalker  
  76  6:52  Pylon  
  78  7:11  Probe x3  
  81  7:20  Immortal  
  85  7:23  Probe x2  
  85  7:27  Probe  
  88  7:35  Probe  
  88  7:36  Photon Cannon  
  89  7:39  Photon Cannon  
  89  7:42  Shield Battery  
  89  7:43  Stalker x3  
  95  7:47  Zealot x4  
  95  7:48  Zealot x3  
  109  8:03  Protoss Ground Weapons Level 2  
  109  8:04  Templar Archives  
  109  8:08  Pylon  
  113  8:13  Immortal  
  113  8:16  Blink  
  113  8:19  Probe x2  
  115  8:21  Probe  
  116  8:31  Probe x2  
  116  8:33  Pylon, Probe  
  119  8:43  Probe  
  120  8:51  Observer  
  121  9:06  High Templar  
  121  9:07  High Templar x8  
  121  9:08  High Templar  
  141  9:17  Pylon  
  141  9:19  Pylon  
  141  9:22  Pylon  
  141  9:25  Pylon  
  141  9:26  Pylon  
  141  9:29  Pylon  
  141  9:30  Pylon  
  141  9:35  Observer  
  142  9:50  Nexus  
  142  9:54  Assimilator x2  
  142  9:55  Pylon  
  142  9:57  Pylon  
  142  9:58  Pylon  
  142  10:00  Pylon  
  142  10:03  Pylon  
  142  10:13  Warp Prism  
  144  10:15  Probe  
  145  10:28  Protoss Ground Armor Level 1  
  137  10:42  Archon x5  
  105  11:17  Photon Cannon  
  99  11:19  Zealot x2, Shield Battery  
  99  11:20  Zealot x4  
  99  11:21  Zealot x3, Shield Battery  
  99  11:22  Zealot  
  119  11:46  High Templar x4  
  127  11:47  High Templar x3  
  127  11:48  High Templar x3  
  127  11:52  Archon x3  
  127  11:53  Archon  
  127  11:54  Archon  
  139  11:58  Immortal  
  143  12:14  Probe x2  
  143  12:15  Probe x2  
  147  12:24  Zealot  
  147  12:25  Zealot x4  
  147  12:26  Probe, Zealot x2  
  147  12:27  Probe x3, Zealot x3  
  147  12:29  Protoss Shields Level 1  
  171  12:37  Immortal  
  171  12:38  Probe  
  171  12:39  Probe x3  
  179  12:46  High Templar x2  
  179  12:47  High Templar x2  
  179  12:51  Probe  
  188  13:11  High Templar x3  
  188  13:12  High Templar  
  195  13:13  High Templar x2  
  195  13:16  Archon x2  
  195  13:17  Archon  
  198  13:49  Archon x2  
  183  14:31  Protoss Ground Weapons Level 3  
  129  14:53  High Templar x3  
  129  14:54  High Templar x4  
  129  14:55  High Templar x3  
  133  15:06  Archon x2  
  133  15:07  Archon x3  
  127  15:39  High Templar x5  
  127  15:40  High Templar x5  
  151  15:42  Immortal  
  151  16:04  Probe x3  
  154  16:12  Nexus  
  154  16:15  Assimilator  
  154  16:16  Probe x2  
  154  16:17  Assimilator  
  156  16:19  Pylon  
  156  16:22  Robotics Facility, Immortal, Pylon  
  156  16:24  Pylon  
  160  16:41  Probe x3  
  160  16:46  High Templar x2  
  167  16:48  Nexus  
  167  16:49  High Templar  
  167  16:51  Assimilator  
  167  16:53  Assimilator, Probe x3  
  172  16:56  Pylon  
  172  16:58  Archon  
  172  17:00  Pylon, Archon x4  
  172  17:01  Archon  
  176  17:02  Pylon  
  176  17:05  Pylon  
Show
View Real Time Build Order
Export as new Build Order

SoloSoldier Protoss - Winner!

Build Orders:  

Get SALT Encoding   

  12  0:00  Probe  
  13  0:15  Pylon  
  13  0:17  Probe  
  14  0:26  Probe  
  14  0:34  Probe  
  15  0:41  Gateway  
  16  0:43  Probe  
  17  0:50  Assimilator  
  17  0:55  Probe  
  18  1:11  Probe  
  18  1:12  Pylon  
  19  1:19  Probe  
  19  1:23  Assimilator  
  20  1:29  Probe  
  21  1:35  Cybernetics Core  
  21  1:39  Gateway  
  21  1:44  Probe  
  22  1:53  Zealot  
  24  1:56  Probe  
  24  2:00  Pylon  
  25  2:05  Forge  
  25  2:09  Pylon  
  25  2:18  Stalker  
  27  2:25  Warp Gate  
  27  2:30  Probe  
  28  2:51  Nexus  
  28  3:05  Pylon  
  28  3:15  Pylon  
  28  3:18  Probe  
  28  3:26  Probe  
  28  3:27  Stalker  
  29  3:30  Stalker  
  34  3:35  Probe  
  34  3:36  Assimilator  
  35  3:46  Twilight Council  
  35  3:58  Robotics Facility  
  35  4:01  Probe  
  35  4:02  Probe  
  37  4:10  Probe  
  37  4:14  Probe  
  39  4:18  Probe  
  40  4:28  Probe  
  40  4:30  Gateway, Probe  
  42  4:35  Gateway  
  42  4:37  Probe  
  42  4:42  Probe  
  44  4:46  Probe  
  44  4:50  Assimilator  
  45  4:54  Probe x2  
  47  5:09  Stalker  
  47  5:12  Probe  
  47  5:13  Probe  
  47  5:14  Nexus  
  51  5:17  Observer  
  52  5:25  Probe  
  53  5:30  Stargate  
  53  5:31  Stargate  
  53  5:33  Pylon  
  53  5:35  Probe, Observer  
  53  5:37  Probe  
  56  5:44  Protoss Ground Armor Level 1  
  56  5:47  Stalker x2  
  60  5:53  Pylon  
  60  6:00  Gateway  
  60  6:05  Probe x2  
  60  6:08  Assimilator  
  62  6:13  Pylon  
  62  6:17  Probe x2  
  64  6:22  Fleet Beacon  
  64  6:23  Pylon  
  64  6:29  Forge  
  64  6:34  Probe  
  64  6:35  Probe  
  64  6:36  Probe  
  67  6:46  Protoss Air Armor Level 1  
  67  6:47  Probe x2  
  69  6:48  Probe  
  69  6:51  Stalker x2  
  74  7:02  Gateway  
  74  7:07  Gateway  
  74  7:15  Void Ray  
  78  7:17  Probe x3  
  81  7:23  Dark Shrine  
  81  7:26  Robotics Bay  
  81  7:29  Stalker x3  
  91  7:40  Probe x2  
  91  7:41  Void Ray  
  91  7:43  Assimilator  
  93  8:01  Protoss Ground Armor Level 2  
  93  8:02  Protoss Shields Level 1  
  93  8:12  Pylon  
  93  8:13  Pylon  
  93  8:15  Gateway  
  93  8:26  Pylon  
  93  8:27  Pylon  
  93  8:29  Pylon  
  93  8:30  Stalker  
  93  8:31  Stalker x4  
  93  8:32  Stalker  
  105  8:37  Probe  
  106  8:45  Pylon  
  106  8:48  Pylon  
  106  8:49  Probe  
  106  8:50  Pylon  
  106  8:52  Stalker  
  106  8:54  Stalker  
  111  8:55  Stalker  
  111  9:01  Gateway x2, Probe  
  114  9:06  Gateway  
  114  9:09  Stalker x3  
  120  9:27  Nexus  
  124  9:33  Stargate  
  124  9:35  Void Ray  
  124  9:40  Pylon  
  124  9:48  Stargate  
  124  9:50  Stargate  
  124  9:54  Pylon  
  124  9:55  Probe  
  125  10:00  Probe x2  
  127  10:07  Probe  
  127  10:09  Immortal  
  132  10:14  Robotics Facility  
  132  10:15  Robotics Facility  
  132  10:18  Robotics Facility  
  132  10:48  Immortal  
  136  10:54  Tempest x2  
  136  10:55  Tempest  
  148  10:57  Probe x3  
  139  11:09  Probe x2  
  139  11:10  Probe  
  108  11:26  Immortal  
  108  11:27  Immortal x2  
  108  11:29  Stalker x3  
  108  11:30  Stalker x5  
  134  11:38  Zealot x2  
  134  11:39  Zealot  
  140  11:47  Pylon  
  140  11:49  Pylon  
  140  11:52  Assimilator  
  140  11:53  Probe x3  
  140  11:54  Assimilator  
  143  12:02  Robotics Facility  
  143  12:03  Robotics Facility  
  143  12:05  Probe x3  
  146  12:09  Zealot  
  146  12:10  Zealot x4  
  146  12:11  Blink, Zealot x3  
  146  12:12  Zealot x2  
  166  12:17  Tempest x2  
  174  12:37  Photon Cannon  
  174  12:39  Photon Cannon  
  174  12:41  Photon Cannon  
  174  12:48  Photon Cannon  
  174  12:52  Photon Cannon  
  174  12:57  Photon Cannon  
  174  13:01  Immortal x3  
  174  13:02  Observer x2  
  188  14:05  Tempest x2  
  200  14:12  Charge  
  149  14:51  Stalker  
  125  14:54  Anion Pulse-Crystals, Zealot x3  
  125  14:55  Zealot  
  125  14:56  Protoss Shields Level 2  
  125  14:57  Protoss Ground Weapons Level 1  
  117  15:26  Protoss Air Weapons Level 1  
  116  15:31  Probe  
  116  15:32  Probe x2  
  116  15:35  Probe  
  120  15:42  Stalker x4  
  128  15:43  Probe, Stalker x3  
  128  15:44  Probe  
  128  15:47  Probe  
  128  15:49  Carrier x4  
  161  15:53  Colossus x2  
  161  15:55  Immortal  
  161  15:56  Immortal  
  181  15:58  Flux Vanes, Warp Prism  
  181  15:59  Probe  
  184  16:09  Shield Battery  
  184  16:10  Photon Cannon  
  184  16:11  Probe  
  184  16:12  Photon Cannon x2  
  184  16:13  Shield Battery  
  184  16:16  Stargate  
  185  16:19  Stalker  
  187  16:35  Nexus  
  187  16:37  Pylon  
  187  16:38  Pylon  
  187  16:40  Pylon  
  187  16:52  Stargate  
  187  16:53  Stargate  
  200  17:01  Probe  
Tags
 
Add a new tag
Caveats
  • Supply blocks, unpowered buildings, or Contaminate may cause inaccurate times.
  • Supply counts are checked every 10 seconds.